 Dungeon Crawl Stone Soup version 0.19.1 (webtiles) character file.

1895 kae the Slasher (level 9, 0/71 HPs)
             Began as a Formicid Fighter on Dec 17, 2016.
             Was a Believer of Okawaru.
             Succumbed to a water moccasin's poison
             ... on level 5 of the Dungeon.
             The game lasted 00:06:34 (4536 turns).

kae the Slasher (Formicid Fighter)                  Turns: 4536, Time: 00:06:34

Health: 0/71       AC: 10    Str: 26    XL:     9   Next: 37%
Magic:  8/9        EV:  9    Int:  8    God:    Okawaru [**....]
Gold:   211        SH: 11    Dex: 10    Spells: 0 memorised, 8 levels left

rFire  . . .     SeeInvis +     a - +1 long sword
rCold  . . .     Gourm    .     b - +0 scale mail
rNeg   . . .     Faith    .     c - +0 shield
rPois  +         Spirit   .     (helmet unavailable)
rElec  .         Reflect  .     n - +1 cloak {+Inv}
rCorr  .         Harm     .     (no gloves)
MR     .....                    (no boots)
Stlth  ..........               (no amulet)
                                (no ring)
                                r - ring of poison resistance

@: lethally poisoned (0 -> -1)
A: permanent stasis, dig shafts and tunnels, four strong arms, antennae 3,
strong 1
a: Dig, Shaft Self, Heroism, Renounce Religion, Evoke Invisibility


You were on level 5 of the Dungeon.
You worshipped Okawaru.
Okawaru was pleased with you.
You were very hungry.

You visited 1 branch of the dungeon, and saw 5 of its levels.

You collected 211 gold pieces.

Inventory:

Hand Weapons
 a - a +1 long sword (weapon)
Armour
 b - a +0 scale mail (worn)
 c - a +0 shield (worn)
 n - a +1 cloak of invisibility (worn)
Jewellery
 r - a ring of poison resistance (left hand)
Wands
 d - a wand of polymorph (3/24)
 i - a wand of random effects (16/48)
Scrolls
 e - a scroll of identify
 j - 5 scrolls of immolation
 k - a scroll of enchant armour
 l - 2 scrolls of magic mapping
 t - a scroll of remove curse
 v - a scroll of recharging {unknown}
Potions
 u - a potion of brilliance
Comestibles
 f - 3 bread rations
 g - 2 beef jerkies
 h - a fruit
 m - a slice of pizza
 o - 3 chunks of flesh
 q - 2 meat rations


   Skills:
 + Level 6.5 Fighting
 * Level 7.7 Long Blades
 + Level 6.6 Armour
 + Level 7.1 Shields


You had 8 spell levels left.
You didn't know any spells.

Dungeon Overview and Level Annotations

Branches:
Dungeon (5/15)
 Temple: D:4-7

Altars:
Fedhas
Okawaru
Ru
Sif Muna
Trog

Portals:
Ossuary: D:5

Annotations:
D:1 1 runed door
D:5 Prince Ribbit


Innate Abilities, Weirdness & Mutations

You are under a permanent stasis effect.
You can dig through walls and to a lower floor.
Your four strong arms can wield two-handed weapons with a shield.
You have a pair of large antennae on your head. (SInv)
Your muscles are strong. (Str +2)


Message History

You extend your mandibles.
You dig through the rock wall.
* * * LOW HITPOINT WARNING * * *
You feel sick.
You dig through the rock wall.
You retract your mandibles.
* * * LOW HITPOINT WARNING * * *
You feel sick.
Prince Ribbit blinks!
Things that are here:
an animal skin; 4 stones
* * * LOW HITPOINT WARNING * * *
You feel sick.
Found a sand-covered staircase.
You feel like a meek peon again.
* * * LOW HITPOINT WARNING * * *
You feel sick.
* * * LOW HITPOINT WARNING * * *
You feel sick.
There is a sand-covered staircase here.
You die...

# # #..# .#
#..#############.# P
#.#......p......# .
#####....#######.F### .#
#..##.#..#..@..#..# .P
#..##.##p#.....#..# ..
#..##.##.#.#.#.#.### ≈.
#.....##.#.#F#.#...#
≈.###..##..#.###.###.#[#
≈......##$.#.......[(.(##
≈.###..##...####.###.##)#
≈. #.###...## #.#.....##
.. #........# #...#.###


You could see Prince Ribbit.

Vanquished Creatures
  Pikel (D:5)
  Sigmund (D:2)
  The ghost of feelmyfire the Slasher, an amateur DsCK of Xom (D:3)
  2 water moccasins (D:5)
  Duvessa (D:5)
  A slave (D:5)
  An ice beast (D:3)
  An ogre (D:5)
  Blork the orc (D:4)
  Dowan (D:5)
  A howler monkey (D:5)
  A jelly (D:1)
  3 orc priests
  Crazy Yiuf (D:2)
  A hound (D:5)
  2 orc wizards
  Ijyb (D:2)
  2 iguanas
  3 worker ants
  7 adders
  An ooze (D:1)
  4 worms
  2 dart slugs
  6 leopard geckos
  13 orcs
  2 bats
  4 giant cockroaches
  3 goblins
  11 hobgoblins
  14 jackals
  5 kobolds
  5 frilled lizards
  A goblin zombie (D:5)
  A jackal skeleton (D:4)
  A leopard gecko skeleton (D:4)
  2 quokka zombies
  13 rats
121 creatures vanquished.

Vanquished Creatures (others)
  2 slaves (D:5)
  21 toadstools (D:5)
23 creatures vanquished.

Grand Total: 144 creatures vanquished

Notes
Turn   | Place    | Note
-------+----------+-------------------------------------------
     0 | D:1      | kae the Formicid Fighter began the quest for the Orb.
     0 | D:1      | Reached XP level 1. HP: 18/18 MP: 1/1
     1 | D:1      | Found a runed door.
   119 | D:1      | Reached XP level 2. HP: 20/24 MP: 2/2
   452 | D:1      | Reached XP level 3. HP: 22/29 MP: 3/3
   454 | D:1      | Reached XP level 4. HP: 10/37 MP: 4/4
   763 | D:2      | Noticed Ijyb
   775 | D:2      | Killed Ijyb
   775 | D:2      | Reached XP level 5. HP: 42/42 MP: 5/5
   847 | D:2      | Found a bloodstained altar of Trog.
   921 | D:2      | Found a runed door.
  1177 | D:2      | Noticed Sigmund
  1419 | D:2      | Killed Sigmund
  1419 | D:2      | Reached XP level 6. HP: 38/49 MP: 6/6
  1600 | D:2      | Found a deep blue altar of Sif Muna.
  1751 | D:2      | Noticed Crazy Yiuf
  1758 | D:2      | Killed Crazy Yiuf
  1758 | D:2      | Reached skill level 5 in Shields
  1961 | D:3      | Noticed feelmyfire's ghost (amateur DsCK)
  2194 | D:3      | Reached XP level 7. HP: 45/55 MP: 7/7
  2459 | D:3      | Reached skill level 5 in Long Blades
  2729 | D:3      | Killed feelmyfire's ghost
  2729 | D:3      | Reached skill level 5 in Armour
  2844 | D:3      | Reached XP level 8. HP: 13/61 MP: 8/8
  3287 | D:4      | Noticed Blork the orc
  3298 | D:4      | Killed Blork the orc
  3298 | D:4      | Reached skill level 5 in Fighting
  3467 | D:4      | Found an iron altar of Okawaru.
  3487 | D:4      | Became a worshipper of Warmaster Okawaru
  3844 | D:4      | Found a sacrificial altar of Ru.
  4192 | D:5      | Entered Level 5 of the Dungeon
  4249 | D:5      | Reached * piety under Okawaru
  4403 | D:5      | Found a blossoming altar of Fedhas.
  4439 | D:5      | Noticed Pikel
  4459 | D:5      | Noticed Duvessa
  4459 | D:5      | Killed Pikel
  4459 | D:5      | Reached XP level 9. HP: 49/69 MP: 9/9
  4460 | D:5      | Noticed Dowan
  4462 | D:5      | Noticed Prince Ribbit
  4478 | D:5      | Gained mutation: Your muscles are strong. (Str +2) [potion of beneficial mutation]
  4489 | D:5      | Killed Duvessa
  4493 | D:5      | Killed Dowan
  4517 | D:5      | Reached ** piety under Okawaru
  4526 | D:5      | HP: 3/71 [poisoned by a water moccasin]
  4530 | D:5      | Found a sand-covered staircase.
  4531 | D:5      | HP: 1/71 [poisoned by a water moccasin]
  4536 | D:5      | Succumbed to a water moccasin's poison

Skill      XL: |  1  2  3  4  5  6  7  8  9 |
---------------+----------------------------+-----
Long Blades    | 3 4 5 7 |  7.7
Shields        | 4 5 6 7 |  7.1
Armour         | 4 5 6 |  6.6
Fighting       | 4 6 |  6.5

Action                   |  1- 3 |  4- 6 |  7- 9 || total
-------------------------+-------+-------+-------++-------
Melee: Long sword        |    74 |   170 |   317 ||   561
Invok: Heroism           |       |       |     2 ||     2
 Abil: Dig               |     1 |       |     7 ||     8
Evoke: Wand              |       |       |     1 ||     1
  Use: Potion            |     1 |       |     3 ||     4
       Scroll            |       |       |     8 ||     8
  Eat: Chunk             |       |     4 |     8 ||    12
Armor: Scale mail        |    34 |    48 |    81 ||   163
       Skin              |       |    15 |    14 ||    29
Dodge: Dodged            |    33 |    61 |    71 ||   165
Block: Shield            |    52 |    77 |   154 ||   283
       Rpst.: Long sword |    14 |    18 |    18 ||    50
